 Dungeon Crawl Stone Soup version 0.31.0-4-g52a2dc7128 (webtiles) character file.

Game seed: 82265106947805349

159 Zeia the Magician (level 5, 0/40 HPs)
             Began as a Djinni Ice Elementalist on Jan 23, 2024.
             Slain by a goblin
             ... wielding a +0 dagger
              (1 damage)
             ... on level 3 of the Dungeon.
             The game lasted 00:04:59 (1894 turns).

Zeia the Magician (Djinni Ice Elementalist)         Turns: 1894, Time: 00:05:00

Health: 0/40       AC:  2    Str:  7    XL:     5   Next: 68%
Gold:   77         EV: 12    Int: 19    God:
                   SH:  0    Dex: 13

rFire   + + .        g - +2 short sword (vamp)
rCold   x . .        (no shield)
rNeg    . . .        a - +0 robe
rPois   ∞            (no helmet)
rElec   .            (no cloak)
rCorr   .            (no gloves)
SInv    .            (boots unavailable)
Will    .....        (no amulet)
Stlth   ++           (no ring)
HPRegen 0.26/turn    (no ring)
MPRegen 0.00/turn

%: infuse magic (-1 HP)
@: flying
A: sickness immunity, fire resistance 2, cold vulnerability 1, float, innate
caster, HP casting, extra vitality 1
a: no special abilities


You were on level 3 of the Dungeon.
You visited 1 branch of the dungeon, and saw 3 of its levels.

You collected 77 gold pieces.

Inventory:

Hand Weapons
 b - a +0 dagger
 f - the +0 mace of the Feeding Stork {pain, Str+3}
   (You found it on level 2 of the Dungeon)

   Str+3:     It affects your strength (+3).
 g - a +2 vampiric short sword (weapon)
Armour
 a - a +0 robe (worn)
Magical Staves
 c - a staff of alchemy
Scrolls
 e - 5 scrolls of identify {unknown}
 h - a scroll of summoning {unknown}
Potions
 d - a potion of curing {unknown}
 i - a potion of haste {unknown}
 j - 2 potions of lignification {unknown}
 k - a potion of magic {unknown}


   Skills:
 + Level 3.4 Fighting
 - Level 2.1 Dodging
 - Level 1.5 Stealth
 + Level 4.5 Spellcasting
 + Level 4.5 Conjurations
 + Level 4.5 Hexes
 + Level 4.5 Summonings
 + Level 4.5 Necromancy
 + Level 4.5 Translocations
 + Level 4.5 Fire Magic
 + Level 4.5 Ice Magic
 + Level 4.5 Air Magic
 + Level 4.5 Earth Magic
 + Level 4.5 Alchemy


You knew the following spells:

 Your Spells              Type           Power      Damage    Failure   Level
a - Freeze                Ice            84%        1d9       1%          1
b - Frozen Ramparts       Ice            42%        1d7       6%          3
c - Ozocubu's Armour      Ice            21%        N/A       6%          3
d - Summon Ice Beast      Ice/Summ       21%        N/A       6%          3
e - Summon Small Mammal   Summ           84%        N/A       1%          1
f - Lesser Beckoning      Tloc           42%        N/A       3%          2
Your spell library was empty.

Dungeon Overview and Level Annotations

Branches:
Dungeon (3/15)

Altars:

Shops:
D:1 :


Innate Abilities, Weirdness & Mutations

You are immune to sickness and miasma.
You are immune to poison.
Your flesh is very heat resistant. (rF++)
You are vulnerable to cold. (rC-)
You float through the air rather than walking.
You learn spells naturally, not from books.
Your magical power is your life essence.
You have superior vitality. (+4 MHP)


Message History

The orc hits you with a +0 flail!
The orc hits you with a +2 short sword of speed.
You see here a +0 club.
Casting: Freeze (safe; 1% risk of failure)
Confirm with . or Enter, or press ? or * to list all spells.
Aiming: Freeze (safe; 1% risk of failure)
Press: ? - help, Shift-Dir - straight line, f - orc
Aim: an orc, wielding a +0 flail and wearing a +0 leather armour You freeze the orc!
You kill the orc!
The orc hits you with a +2 short sword of speed.
Casting: Freeze (safe; 1% risk of failure)
Confirm with . or Enter, or press ? or * to list all spells.
Aiming: Freeze (safe; 1% risk of failure)
Press: ? - help, Shift-Dir - straight line, f - goblin
Aim: a goblin, wielding a +0 dagger You freeze the goblin.
The goblin is moderately wounded.
The orc hits you with a +2 short sword of speed.
The orc barely misses you. The goblin hits you with a +0 dagger.
* * * LOW HITPOINT WARNING * * *
You hit the orc but do no damage.
The orc hits you with a +2 short sword of speed.
* * * LOW HITPOINT WARNING * * *
The goblin hits you with a +0 dagger.
* * * LOW HITPOINT WARNING * * *
Unknown command.
The orc hits you with a +2 short sword of speed.
* * * LOW HITPOINT WARNING * * *
The orc closely misses you.
Casting: Freeze (safe; 1% risk of failure)
Confirm with . or Enter, or press ? or * to list all spells.
Aiming: Freeze (safe; 1% risk of failure)
Press: ? - help, Shift-Dir - straight line, f - orc, p - goblin
Aim: an orc, wielding a +2 short sword of speed and wearing a +0 chain mail You freeze the orc.
The orc is lightly wounded.
* * * LOW HITPOINT WARNING * * *
The orc closely misses you. The goblin hits you with a +0 dagger.
You die...

#. #. ####
#####. ..<#
.....#.#.#
##o#.......#
..og...>...#
#)# ####g#
#.###..@o#
#........#
#.#.#.##.#
##.# #.#....
..###.#..###
....#.#..#
#.#.#.#..#
#.#.#.#..#
#.#.#.#


You could see an orc and a goblin.

Vanquished Creatures
  A bombardier beetle (D:3)
  An orc priest (D:3)
  3 adders (D:2)
  A dart slug (D:1)
  A ribbon worm (D:2)
  3 orcs (D:3)
  3 ball pythons
  4 bats
  4 endoplasms
  A giant cockroach (D:2)
  8 hobgoblins
  2 jackals (D:1)
  3 quokkas
  A frilled lizard (D:2)
  7 goblins
  9 kobolds
  6 rats (D:1)
58 creatures vanquished.

Notes
Turn   | Place    | Note
-------+----------+-------------------------------------------
     0 | D:1      | Zeia the Djinni Ice Elementalist began the quest for the
                  | Orb.
     0 | D:1      | Zeia set off with the following spells memorised: Freeze,
                  | Frozen Ramparts, Ozocubu's Armour, Summon Ice Beast.
     0 | D:1      | Reached XP level 1. HP: 15/15 MP: 0/0
    55 | D:1      | Reached XP level 2. HP: 14/22 MP: 0/0
    95 | D:1      | Reached skill level 1 in Fighting
   258 | D:1      | Found Wyxteh's Book Emporium.
   334 | D:1      | Reached XP level 3. HP: 27/27 MP: 0/0
   334 | D:1      | Learned a level 1 spell: Summon Small Mammal
   607 | D:1      | Found a faded altar of an unknown god.
   921 | D:2      | Reached XP level 4. HP: 31/33 MP: 0/0
  1041 | D:2      | Identified the +0 mace of the Feeding Stork {pain, Str+3}
  1787 | D:3      | Reached XP level 5. HP: 26/40 MP: 0/0
  1787 | D:3      | Learned a level 2 spell: Lesser Beckoning
  1893 | D:3      | HP: 2/40 [orc/+2 short sword of speed (6)]
  1894 | D:3      | Slain by a goblin

Illustrated notes

Levels and vault maps discovered:
D:1:      dpeg_arrival_arbitrary_c, layout_basic, serial_shops,
          nicolae_book_shop_shelving,
          dreamdust_ecumenical_altar_angels_and_demons
D:2:      minmay_skewed_foursquare, layout_basic
D:3:      minmay_general_purpose_star, layout_basic, minmay_cut_off,
          uniq_crazy_yiuf_cottage, uniq_natasha, uniq_grinder

Skill      XL: |  1  2  3  4 |
---------------+-------------+-----
Fighting       | 1 2 3 |  3.4
Spellcasting   | 4 |  4.5
Conjurations   | 4 |  4.5
Hexes          | 4 |  4.5
Summonings     | 4 |  4.5
Necromancy     | 4 |  4.5
Translocations | 4 |  4.5
Fire Magic     | 4 |  4.5
Ice Magic      | 4 |  4.5
Air Magic      | 4 |  4.5
Earth Magic    | 4 |  4.5
Alchemy        | 4 |  4.5
Dodging        | |  2.1
Stealth        | |  1.5

Action                     |  1- 3 |  4- 6 || total
---------------------------+-------+-------++-------
  Melee: Dagger            |    17 |       ||    17
         Short sword       |       |    12 ||    12
   Cast: Freeze            |    45 |    40 ||    85
         Summon Small Mamm |     2 |       ||     2
 Armour: Robe              |    19 |    23 ||    42
  Dodge: Dodged            |    30 |    21 ||    51
